 Dungeon Crawl Stone Soup version 0.30-a0-800-g7c544603b3 (webtiles) character file.

Game seed: 16485683453527463452

574 cheesebisquit the Chopper (level 7, -1/93 HPs)
             Began as a Minotaur Berserker on Feb 21, 2023.
             Was a Priest of Trog.
             Slain by Duvessa
             ... wielding a +2 short sword of freezing
              (8 damage)
             ... on level 4 of the Dungeon.
             The game lasted 00:08:47 (2730 turns).

cheesebisquit the Chopper (Minotaur Berserker)      Turns: 2730, Time: 00:08:47

Health: -1/93      AC:  9    Str: 24    XL:     7   Next: 12%
Magic:  6/6        EV:  8    Int:  4    God:    Trog [***...]
Gold:   194        SH:  0    Dex:  9    Spells: 6/6 levels left

rFire   . . .      SeeInvis .    a - +1 hand axe
rCold   . . .      Faith    .    (no shield)
rNeg    . . .      Spirit   .    d - +0 chain mail
rPois   .          Reflect  .    (helmet restricted)
rElec   .          Harm     .    (no cloak)
rCorr   +          Rampage  .    (no gloves)
Will    ++...                    (no boots) Stlth
                                 (no amulet)
HPRegen 1.35/turn                o - ring of resist corrosion
MPRegen 0.10/turn                (no ring)

@: berserking, strong-willed, regenerating, very quick
A: horns 2, retaliatory headbutt
a: Renounce Religion, Berserk, Trog's Hand


You were on level 4 of the Dungeon.
You worshipped Trog.
Trog was most pleased with you.
You visited 1 branch of the dungeon, and saw 4 of its levels.

You collected 194 gold pieces.

Inventory:

Hand Weapons
 a - a +1 hand axe (weapon)
Missiles
 p - a poisoned dart (quivered)
Armour
 d - a +0 chain mail (worn)
Jewellery
 o - a ring of resist corrosion (left hand)
Scrolls
 b - a scroll of amnesia {unknown}
 c - a scroll of magic mapping {unknown}
 e - a scroll of enchant weapon
 f - a scroll of brand weapon {unknown}
 h - a scroll of enchant armour
 i - a scroll of immolation {unknown}
 j - a scroll of teleportation {unknown}
 n - 2 scrolls of noise
 q - a scroll of fear {unknown}
Potions
 k - a potion of invisibility
 l - a potion of attraction
 m - a potion of mutation {unknown}


   Skills:
 + Level 5.8 Fighting
 * Level 7.4 Axes
 + Level 5.1 Armour
 - Level 2.1 Dodging


You had 6 spell levels left.
You didn't know any spells.
Your spell library was empty.

Dungeon Overview and Level Annotations

Branches:
Dungeon (4/15)             Temple (0/1) D:4

Altars:
Cheibriados
Fedhas
Sif Muna

Shops:
D:4 (

Annotations:
D:4 Duvessa


Innate Abilities, Weirdness & Mutations

You have a pair of horns on your head.
You reflexively headbutt those who attack you in melee.


Message History

Duvessa hits you with a +2 short sword of freezing.
* * * LOW HITPOINT WARNING * * *
Duvessa freezes you.
* * * LOW HITPOINT WARNING * * *
A red film seems to cover your vision as you go berserk!
You feel yourself moving faster!
You feel mighty!
You feel sick.
Dowan says, "My weaknesses are her strengths!"
Duvessa hits you but does no damage. The ogre closely misses you.
You furiously retaliate!
You headbutt the ogre! You hit Duvessa.
Duvessa is heavily wounded.
You slash the ogre!
You kill the ogre!
Trog accepts your kill.
You feel sick.
Your Armour skill increases to level 5!
You have reached level 7!
You slash Duvessa!
Duvessa is severely wounded.
You barely miss Dowan.
Duvessa hits you with a +2 short sword of freezing.
* * * LOW HITPOINT WARNING * * *
Duvessa freezes you.
* * * LOW HITPOINT WARNING * * *
You are too berserk!
You slash Duvessa!
Duvessa is almost dead.
You slash Dowan!
You feel sick. Duvessa barely misses you. Dowan barely misses you.
You furiously retaliate!
You headbutt Dowan!!
You kill Dowan!
Trog accepts your kill.
Trog appreciates your killing of a magic user.
Duvessa screams in rage.
Duvessa goes berserk!
You completely miss Duvessa.
Duvessa is almost dead.
You feel sick.
You are no longer poisoned.
Duvessa hits you with a +2 short sword of freezing!
You die...

#............#
#######......#
#......# #.######
#####'#####
#.........####
#.........'..###
#.........##..†######.
#############.@)((.(.(
#†e)....## #.......#
#.......# #.......#
#.......# #########


You could see Duvessa (berserk, fast).

Vanquished Creatures
  An ogre (D:4)
  A phantom (D:4)
  Dowan (D:4)
  2 hounds
  A gnoll bouda (D:4)
  An iron imp (D:3)
  An orc priest (D:4)
  An iguana (D:4)
  Robin (D:2)
  3 gnolls (D:4)
  6 adders
  An ufetubus (D:4)
  A worm (D:2)
  5 dart slugs
  4 orcs
  4 ball pythons
  8 endoplasms
  3 giant cockroaches
  11 goblins
  7 hobgoblins
  10 jackals
  4 quokkas (D:1)
  5 bats
  3 frilled lizards (D:3)
  4 kobolds
  4 rats
93 creatures vanquished.

Notes
Turn   | Place    | Note
-------+----------+-------------------------------------------
     0 | D:1      | cheesebisquit the Minotaur Berserker began the quest for
                  | the Orb.
     0 | D:1      | Reached XP level 1. HP: 19/19 MP: 0/0
   166 | D:1      | Reached skill level 4 in Axes
   166 | D:1      | Reached XP level 2. HP: 23/27 MP: 1/1
   862 | D:2      | Reached XP level 3. HP: 33/33 MP: 2/2
   974 | D:2      | Reached ** piety under Trog
  1095 | D:2      | Noticed Robin
  1113 | D:2      | Killed Robin
  1217 | D:2      | Reached skill level 5 in Axes
  1217 | D:2      | Reached XP level 4. HP: 30/41 MP: 3/3
  1635 | D:3      | Found a shimmering blue altar of Sif Muna.
  1701 | D:3      | Reached XP level 5. HP: 47/47 MP: 4/4
  1726 | D:3      | Found a faded altar of an unknown god.
  1831 | D:3      | Found a snail-covered altar of Cheibriados.
  2255 | D:4      | Found a staircase to the Ecumenical Temple.
  2257 | D:4      | Noticed an ogre
  2278 | D:4      | Reached *** piety under Trog
  2284 | D:4      | Reached skill level 6 in Axes
  2285 | D:4      | Reached skill level 5 in Fighting
  2404 | D:4      | Reached XP level 6. HP: 56/56 MP: 5/5
  2474 | D:4      | Found Odghopnemn's Weapon Shop.
  2559 | D:4      | Found a blossoming altar of Fedhas.
  2656 | D:4      | Reached skill level 7 in Axes
  2714 | D:4      | Noticed Duvessa
  2719 | D:4      | Noticed Dowan
  2728 | D:4      | Reached skill level 5 in Armour
  2728 | D:4      | Reached XP level 7. HP: 14/62 MP: 6/6
  2729 | D:4      | Killed Dowan
  2730 | D:4      | Slain by Duvessa

Illustrated notes

Levels and vault maps discovered:
D:1:      dpeg_arrival_three_same_balls, layout_loops_cross
D:2:      layout_basic, uniq_robin
D:3:      layout_rooms, slow_altar_1, mainiacjoe_overflow_concentric_impassable,
          shapermc_ecumenical_altar_venn, minmay_crystal_room,
          grunt_ministairs_1, minmay_distorted
D:4:      minmay_polygon_palace, layout_basic, fedhas_ov_isle_minmay,
          minmay_temple_entry_statues, serial_shops, nicolae_take_the_stairs,
          uniq_duvessa, uniq_natasha

Skill      XL: |  1  2  3  4  5  6 |
---------------+-------------------+-----
Axes           | 4 5 6 7 |  7.4
Fighting       | 4 5 |  5.8
Armour         | 3 4 5 |  5.1
Dodging        | |  2.1

Action                     |  1- 3 |  4- 6 |  7- 9 || total
---------------------------+-------+-------+-------++-------
  Melee: Hand axe          |    95 |   118 |     3 ||   216
         Headbutt          |    12 |    19 |       ||    31
         Punch             |       |     1 |       ||     1
  Throw: Dart              |       |     6 |       ||     6
 Invoke: Berserk           |       |     3 |       ||     3
         Trog's Hand       |       |     3 |       ||     3
    Use: Scroll            |       |     6 |       ||     6
 Armour: Ring mail         |    35 |    37 |       ||    72
         Chain mail        |       |    12 |       ||    12
  Dodge: Dodged            |    41 |    84 |     2 ||   127

Table legend: (Time is in decaauts)
 A = Elapsed time spent in this place.
 B = Non-inter-level travel time spent in this place.
 C = Inter-level travel time spent in this place.
 D = Time resting spent in this place.
 E = Time spent auto-exploring this place.
 F = Levels seen in this place.
 G = Mean time per level.
                   A        B        C        D        E       F      G
               +--------+--------+--------+--------+--------+-----+--------+
         Total |   2757 |   2566 |    191 |     84 |   1938 |   4 |  689.2 |
       Dungeon |   2757 |   2566 |    191 |     84 |   1938 |   4 |  689.2 |
               +--------+--------+--------+--------+--------+-----+--------+

Top non-repeatable levels by time:
     D:1: 793 daAuts
     D:2: 775 daAuts
     D:3: 641 daAuts
     D:4: 546 daAuts
